 Dungeon Crawl Stone Soup version 0.30-a0-824-g6c64550be9 (webtiles) character file.

Game seed: 16525565975046010035

231 Nacht the Digger (level 6, -1/49 HPs)
             Began as a Naga Earth Elementalist on Feb 27, 2023.
             Slain by an ogre
             ... wielding a +0 giant spiked club
              (33 damage)
             ... on level 4 of the Dungeon.
             The game lasted 00:03:16 (3268 turns).

Nacht the Digger (Naga Earth Elementalist)          Turns: 3268, Time: 00:03:16

Health: -1/49      AC:  4    Str: 10    XL:     6   Next: 3%
Magic:  1/9        EV: 10    Int: 17    God:
Gold:   168        SH:  0    Dex: 12    Spells: 3/9 levels left

rFire   . . .      SeeInvis +    (no weapon)
rCold   . . .      Faith    .    (no shield)
rNeg    . . .      Spirit   .    a - +0 robe
rPois   +          Reflect  .    (no helmet)
rElec   .          Harm     .    (no cloak)
rCorr   .          Rampage  .    c - +0 pair of gloves
Will    .....                    (no barding)
Stlth   +++                      (no amulet)
HPRegen 0.28/turn                (no ring)
MPRegen 0.11/turn                (no ring)

@: very slightly contaminated, very slow
A: AC +2, large, see invisible, deformed body, poison resistance, slowness 2,
spit poison 1, naga tail 1
a: Spit Poison


You were on level 4 of the Dungeon.
You visited 1 branch of the dungeon, and saw 4 of its levels.

You collected 168 gold pieces.

Inventory:

Armour
 a - a +0 robe (worn)
 c - a +0 pair of gloves (worn)
Jewellery
 e - a +5 ring of evasion
 f - a ring of magical power
 n - a +5 ring of evasion
Scrolls
 g - 4 scrolls of identify {unknown}
 i - a scroll of poison {unknown}
 j - a scroll of torment {unknown}
 k - a scroll of teleportation {unknown}
 m - a scroll of fear {unknown}
 o - a scroll of summoning {unknown}
 s - a scroll of enchant armour {unknown}
Potions
 b - a potion of resistance {unknown}
 d - 3 potions of curing {unknown}
 h - a potion of heal wounds {unknown}
 l - a potion of brilliance {unknown}
 p - a potion of attraction {unknown}
 q - a potion of cancellation {unknown}
 r - a potion of degeneration {unknown}
 t - a potion of mutation {unknown}


   Skills:
 - Level 1.5 Dodging
 - Level 5.0 Stealth
 - Level 2.0 Spellcasting
 - Level 2.0 Conjurations
 - Level 1.0 Transmutations
 * Level 5.5 Earth Magic


You had 3 spell levels left.
You knew the following spells:

 Your Spells              Type           Power      Damage    Failure   Level
a - Sandblast             Erth           40%        2d10      1%          1
b - Stone Arrow           Conj/Erth      28%        3d8       12%         3
w - Passwall              Tmut/Erth      10%        N/A       8%          2

Your spell library contained the following spells:

 Spells                   Type           Power      Damage    Failure   Level
 Petrify                  Tmut/Erth      12%        N/A       45%         4
 Lee's Rapid Deconstruct  Erth           10%        3d8*      50%         5
 Leda's Liquefaction      Hex/Erth       5%         N/A       52%         4
 Statue Form              Tmut/Erth      8%         N/A       100%        6


Dungeon Overview and Level Annotations

Branches:
Dungeon (4/15)
 Temple: D:4-7

Altars:
Elyvilon
Makhleb


Innate Abilities, Weirdness & Mutations

Your serpentine skin is tough. (AC +2)
You have supernaturally acute eyesight. (SInv)
Armour fits poorly on your strangely shaped body.
Your system is resistant to poisons. (rPois)
You cover ground very slowly.
You can spit poison.
You have a snake-like lower body.


Message History

You destroy the necrophage!
Your life force feels restored.
Your Earth Magic skill increases to level 5!
You have reached level 6!
Your skin feels tougher.
You see here a necrophage corpse.
The ogre shouts!
Casting: Sandblast (safe; 1% risk of failure)
Confirm with . or Enter, or press ? or * to list all spells.
Aiming: Sandblast (safe; 1% risk of failure)
Press: ? - help, Shift-Dir - straight line, f - ogre
Aim: an ogre, wielding a +0 giant spiked club (92% to hit)
The blast of sand hits the ogre!
The ogre is moderately wounded.
Casting: Sandblast (safe; 1% risk of failure)
Confirm with . or Enter, or press ? or * to list all spells.
Aiming: Sandblast (safe; 1% risk of failure)
Press: ? - help, Shift-Dir - straight line, f/p - ogre
Aim: an ogre, wielding a +0 giant spiked club (moderately wounded, 92% to hit)
The blast of sand hits the ogre.
The ogre is heavily wounded.
The ogre hits you with a +0 giant spiked club!!
Casting: Sandblast (safe; 1% risk of failure)
Confirm with . or Enter, or press ? or * to list all spells.
Aiming: Stone Arrow (dangerous; 12% risk of failure)
Press: ? - help, Shift-Dir - straight line, f/p - ogre
Aim: an ogre, wielding a +0 giant spiked club (heavily wounded, 85% to hit)
The stone arrow hits the ogre!
The ogre is almost dead.
Casting: Stone Arrow (dangerous; 12% risk of failure)
Confirm with . or Enter, or press ? or * to list all spells.
Aiming: Stone Arrow (dangerous; 12% risk of failure)
Press: ? - help, Shift-Dir - straight line, f/p - ogre
Aim: an ogre, wielding a +0 giant spiked club (almost dead, 85% to hit)
You miscast Stone Arrow.
You are very lightly contaminated with residual magic.
Nothing appears to happen.
The ogre hits you with a +0 giant spiked club!!
Ouch! That really hurt!
You die...

##....###...###...##
##........8........#
##.†..###...###....#
.....## +#.#+ ##...#
....## #.# ##†.#
....# #.# #..# ###.#
... #.##
##..####.....####.##
................@..#
................O..#
.....##...##......##
##...# ..##.......
##...# ..+.......#
.#..... .#.......#
.#....... #.......#
.#....... #.......#
###+###..


You could see an ogre.

Vanquished Creatures
  A necrophage (D:4)
  2 hounds (D:4)
  A jelly (D:4)
  An iguana (D:4)
  2 adders
  3 ball pythons
  4 endoplasms
  2 goblins
  3 hobgoblins
  3 jackals (D:3)
  2 kobolds (D:3)
  4 quokkas
  3 bats
  4 frilled lizards
  4 rats
39 creatures vanquished.

Notes
Turn   | Place    | Note
-------+----------+-------------------------------------------
     0 | D:1      | Nacht the Naga Earth Elementalist began the quest for the
                  | Orb.
     0 | D:1      | Reached XP level 1. HP: 15/15 MP: 3/3
   456 | D:1      | Reached XP level 2. HP: 22/22 MP: 3/5
   856 | D:1      | Learned a level 2 spell: Passwall
   861 | D:2      | Found a burning altar of Makhleb.
  1220 | D:2      | Reached XP level 3. HP: 28/28 MP: 4/6
  1288 | D:2      | Learned a level 3 spell: Stone Arrow
  1825 | D:3      | Found a faded altar of an unknown god.
  2489 | D:3      | Found a white marble altar of Elyvilon.
  2775 | D:4      | Reached skill level 1 in Conjurations
  2775 | D:4      | Reached XP level 4. HP: 24/36 MP: 5/7
  2840 | D:4      | Reached skill level 5 in Stealth
  2966 | D:4      | Reached XP level 5. HP: 27/42 MP: 1/8
  3128 | D:4      | Noticed an ogre
  3149 | D:4      | Reached skill level 5 in Earth Magic
  3149 | D:4      | Reached XP level 6. HP: 18/49 MP: 0/9
  3268 | D:4      | Slain by an ogre

Illustrated notes

Levels and vault maps discovered:
D:1:      dpeg_arrival_simpleton_b, layout_loops_ring, serial_glass,
          glass_columns_c, glass_columns_a, minmay_strange_pillars,
          minmay_strange_pillars, item_on_display_a
D:2:      layout_loops_ring, basic_altar, minmay_misc_feat_columns
D:3:      layout_loops_ring, nicolae_overflow_hidden_temple,
          shapermc_ecumenical_altar_acropolis, serial_co_window_serial,
          co_window_of_opportunity_a, co_window_of_opportunity_a,
          co_window_paths_a, co_window_paths_b, co_window_corner_a,
          co_window_paths_a, co_window_paths_a, co_window_cross_4,
          co_window_2corner, co_window_broadway_c, glass_columns_a,
          glass_columns_b, glass_columns_a, glass_columns_b, glass_columns_a,
          corexii_hall_statues_t, grunt_decor_clamped
D:4:      cheibrodos_barr_body, layout_gridville, eino_tiny_chamber,
          fountainhead, grunt_decor_mini_mirrors

Skill      XL: |  1  2  3  4  5 |
---------------+----------------+-----
Stealth        | 4 5 |  5.0
Conjurations   | 1 2 |  2.0
Earth Magic    | 4 5 |  5.5
Dodging        | |  1.5
Spellcasting   | |  2.0
Transmutations | |  1.0

Action                     |  1- 3 |  4- 6 || total
---------------------------+-------+-------++-------
  Melee: Unarmed           |     1 |     5 ||     6
   Cast: Sandblast         |    52 |    28 ||    80
         Stone Arrow       |       |     1 ||     1
    Use: Potion            |     1 |       ||     1
 Armour: Robe              |     5 |     3 ||     8
  Dodge: Dodged            |    24 |    13 ||    37

Table legend: (Time is in decaauts)
 A = Elapsed time spent in this place.
 B = Non-inter-level travel time spent in this place.
 C = Inter-level travel time spent in this place.
 D = Time resting spent in this place.
 E = Time spent auto-exploring this place.
 F = Levels seen in this place.
 G = Mean time per level.
                   A        B        C        D        E       F      G
               +--------+--------+--------+--------+--------+-----+--------+
         Total |   4267 |   4092 |    175 |      0 |   3633 |   4 | 1066.8 |
       Dungeon |   4267 |   4092 |    175 |      0 |   3633 |   4 | 1066.8 |
               +--------+--------+--------+--------+--------+-----+--------+

Top non-repeatable levels by time:
     D:3: 1529 daAuts
     D:1: 1114 daAuts
     D:2: 1017 daAuts
     D:4: 605 daAuts
